 Dungeon Crawl Stone Soup version 0.31-a0-145-g046c7d2549 (webtiles) character file.

Game seed: 7349555120898079537

348874 rddays123 the Slayer (level 21, -3/212 HPs)
             Began as a Minotaur Fighter on June 6, 2023.
             Was the Champion of Okawaru.
             Killed by divine providence
             ... invoked by a smoke demon
              (11 damage)
             ... on level 4 of the Abyss on June 7, 2023.
             The game lasted 04:22:44 (51741 turns).

rddays123 the Slayer (Minotaur Fighter)            Turns: 51741, Time: 04:22:45

Health: -3/212     AC: 31    Str: 31    XL:     21   Next: 24%
Magic:  9/9        EV: 16    Int:  5    God:    Okawaru [******]
Gold:   258        SH: 15    Dex: 15    Spells: 20/20 levels left

rFire   + . .        D - +5 broad axe (antimagic)
rCold   . . .        e - +2 kite shield
rNeg    + . .        r - +5 plate armour of Okawaru's Reproof {Int-4 Slay+5}
rPois   +            b - +2 hat {Int+3}
rElec   .            N - +2 cloak
rCorr   .            z - +2 pair of gloves {Dex+3}
SInv    .            x - +2 pair of boots
Will    ++...        I - amulet of regeneration Stlth
                     k - ring of poison resistance
HPRegen 1.35/turn    j - ring "Patojile" {+Blink rF+ rN+}
MPRegen 0.11/turn

%: random rage (9%)
@: unable to read, unable to drink
A: horns 2, retaliatory headbutt, hooves 1, deformed body, strong-willed 1,
strong 1, [berserk 2], [screaming 2], [no potion heal 2], subdued magic 1[+1],
[inability to drink after injury 2], [inability to read after injury 2]
}: 2/15 runes: decaying, gossamer
a: Renounce Religion, Evoke Blink, Heroism, Finesse, Duel


You were on level 4 of the Abyss.
You worshipped Okawaru.
Okawaru was exalted by your worship.
You visited 8 branches of the dungeon, and saw 38 of its levels.
You visited the Abyss 2 times.
You also visited: Bailey.

You collected 4905 gold pieces.
You spent 4647 gold pieces at shops.

Inventory:

Hand Weapons
 a - a +8 vampiric broad axe
 y - the +16 obsidian axe {drain, demonic, Mesm Drain Fly SInv}
   (You found it on level 5 of the Lair of Beasts)

   Mesm:      Its wielder is mesmerised by any visible foes, and it cannot be
   unequipped while any foes are visible.
   SInv:      It lets you see invisible.
   Fly:       It grants you flight.
   Drain:     It drains your maximum health when unequipped.
 D - a +5 antimagic broad axe (weapon)
 T - a +3 trishula of holy wrath
Missiles
 f - 72 poisoned darts (quivered)
 B - 16 curare-tipped darts
 S - a throwing net
 X - 4 javelins
 Y - 19 boomerangs
Armour
 b - a +2 hat of intelligence (worn)
 e - a +2 kite shield (worn)
 o - a +0 crystal plate armour
 r - the +5 plate armour of Okawaru's Reproof (worn) {Int-4 Slay+5}
   (Okawaru gifted it to you on level 14 of the Dungeon)

   Int:       It affects your intelligence (-4).
   Slay:      It affects your accuracy & damage with ranged weapons and melee
   (+5).
 t - the +2 hat "Xukub" {Stlth+}
   (Okawaru gifted it to you on level 2 of the Spider Nest)

   Stlth:     It makes you more stealthy.
 x - a +2 pair of boots (worn)
 z - a +2 pair of gloves of dexterity (worn)
 N - a +2 cloak (worn)
 O - a +3 plate armour of cold resistance
Jewellery
 g - a +6 ring of intelligence
 j - the ring "Patojile" (right hand) {+Blink rF+ rN+}
   (You found it on level 4 of the Vaults)

   [ring of positive energy]

   rF:        It protects you from fire.
   rN:        It protects you from negative energy.
   +Blink:    It lets you blink.
 k - a ring of poison resistance (left hand)
 v - the ring of Nyfeop {Wiz rF+ Str+4}
   (You bought it in a shop on level 1 of the Elven Halls)

   [ring of wizardry]

   It improves your spell success rate.
   Str:       It affects your strength (+4).
   rF:        It protects you from fire.
 A - the ring "Parurij" {Fly Will+ MP+9}
   (You found it on level 1 of the Swamp)

   [ring of magical power]

   MP:        It affects your magic capacity (+9).
   Fly:       It grants you flight.
   Will:      It increases your willpower.
 I - an amulet of regeneration (around neck)
 K - a +6 ring of dexterity
 M - a +6 ring of dexterity
 P - a +6 ring of intelligence
Wands
 l - a wand of flame (71)
 u - a wand of digging (5)
 E - a wand of iceblast (48)
 H - a wand of polymorph (17)
 V - a wand of acid (25)
 W - a wand of mindburst (10)
Scrolls
 c - 6 scrolls of enchant armour
 h - 8 scrolls of teleportation
 p - 5 scrolls of fear
 q - a scroll of blinking
 s - 3 scrolls of fog
 C - 7 scrolls of poison
 F - 4 scrolls of magic mapping
 J - 2 scrolls of silence
Potions
 d - 10 potions of might
 i - 7 potions of curing
 m - 4 potions of heal wounds
 n - 8 potions of haste
 w - 2 potions of berserk rage
 G - 6 potions of mutation
 L - 4 potions of enlightenment
 Q - 5 potions of magic
 R - 7 potions of lignification
 U - 6 potions of cancellation
 Z - 4 potions of resistance


   Skills:
 + Level 23.4 Fighting
 - Level 18.3(18.8) Axes
 - Level 7.6(14.0) Polearms
 - Level 6.2 Throwing
 - Level 17.0 Armour
 - Level 17.5 Dodging
 + Level 6.7 Stealth
 - Level 15.2 Shields
 - Level 0.4 Spellcasting
 - Level 12.0 Invocations
 - Level 10.0 Evocations


You had 20 spell levels left.
You didn't know any spells.
Your spell library contained the following spells:

 Spells                   Type           Power      Damage    Failure   Level
 Freeze                   Ice            0%         1d3       95%         1
 Magic Dart               Conj           0%         1d3       95%         1
 Sandblast                Erth           0%         2d4       95%         1
 Blink                    Tloc           0%         N/A       99%         2
 Passwall                 Tmut/Erth      0%         N/A       99%         2
 Scorch                   Fire           0%         2d5       99%         2
 Searing Ray              Conj           0%         2d4       99%         2
 Sublimation of Blood     Necr           0%         N/A       99%         2
 Frozen Ramparts          Ice            0%         1d1       100%        3
 Hailstorm                Conj/Ice       0%         3d3       100%        3
 Inner Flame              Hex/Fire       0%         N/A       100%        3
 Stone Arrow              Conj/Erth      0%         3d7       100%        3
 Flame Wave               Conj/Fire      0%         2d4       100%        4
 Fulminant Prism          Conj/Hex       0%         3d5       100%        4
 Ice Form                 Ice/Tmut       0%         N/A       100%        4
 Leda's Liquefaction      Hex/Erth       0%         N/A       100%        4
 Manifold Assault         Tloc           0%         N/A       100%        4
 Petrify                  Tmut/Erth      0%         N/A       100%        4
 Blade Hands              Tmut           0%         N/A       100%        5
 Irradiate                Conj/Tmut      0%         3d11      100%        5
 Lee's Rapid Deconstruct  Erth           0%         3d4*      100%        5
 Yara's Violent Unravell  Hex/Tmut       0%         3d3       100%        5
 Dispersal                Tloc           0%         N/A       100%        6
 Eringya's Noxious Bog    Tmut/Pois      0%         N/A       100%        6
 Leda's Unmaking          Conj/Erth      0%         9d1       100%        6
 Statue Form              Tmut/Erth      0%         N/A       100%        6
 Dragon Form              Tmut           0%         N/A       100%        7
 Enfeeble                 Hex            0%         N/A       100%        7
 Storm Form               Tmut/Air       0%         N/A       100%        7
 Disjunction              Tloc           0%         N/A       100%        8
 Summon Ice Beast         Ice/Summ       Unusable   N/A       N/A         4
 Summon Forest            Summ/Tloc      Unusable   N/A       N/A         5
 Simulacrum               Ice/Necr       Unusable   N/A       N/A         6
 Summon Cactus Giant      Summ           Unusable   N/A       N/A         6
 Summon Hydra             Summ           Unusable   N/A       N/A         7

Dungeon Overview and Level Annotations

Branches:
Dungeon (15/15)            Temple (1/1) D:5            Lair (5/5) D:10
  Swamp (4/4) Lair:3       Spider (4/4) Lair:3        Slime (0/5) Lair:5
    Orc (2/2) D:9             Elf (3/3) Orc:2        Vaults (4/5) D:14
  Crypt (0/3) Vaults:2     Depths (0/4) D:15         Bailey (visited)

Altars:
Ashenzari
Cheibriados
Dithmenos
Elyvilon
Fedhas
Gozag
Hepliaklqana
Kikubaaqudgha
Makhleb
Nemelex Xobeh
Okawaru
Qazlal
Ru
Sif Muna
Trog
Uskayaw
Vehumet
Wu Jian
Xom
Yredelemnul
Zin
The Shining One

Shops:
D:7 :=   Orc:1 (   Orc:2 ?**:   Elf:1 ==[*[!(   Elf:2 ?   Vaults:1 *
Vaults:2 !   Vaults:4 [

Portals:
Trove: D:13 (give +3 storm dragon scales)

Annotations:
D:7 2 transporters
Swamp:2 2 transporters, exclusion: obsidian statue
Vaults:1 3 runed translucent doors, Qecvurom's ghost, adept DrRe


Innate Abilities, Weirdness & Mutations

You have a pair of horns on your head.
You reflexively headbutt those who attack you in melee.
You have large cloven feet.
Armour fits poorly on your strangely shaped body.
You are strong-willed. (Will+)
Your muscles are strong. (Str +4, Int/Dex -1)
[You have an uncontrollable temper.]
[You frequently scream uncontrollably at your foes.]
[Potions cannot restore your health.]
[Your spells are easier to cast, but less powerful.]
[You sometimes lose the ability to drink potions when taking damage.]
[You sometimes lose the ability to read scrolls when taking damage.]


Message History

You blink.
A large abomination comes into view.
You scream at the large abomination!
You hear a trumpeting!
You hear a roar! x2
You hear a horrible gurgling sound!
Unknown command.
A starcursed mass comes into view.
You feel stable enough to blink again.
A starcursed mass splits.
The purple draconian shifter breathes dispelling energy at you.
The bolt of dispelling energy hits you!
* * * LOW HITPOINT WARNING * * *
A wretched star comes into view.
The white draconian stormcaller mumbles some strange prayers to Qazlal against you.
Qazlal smites you!
* * * LOW HITPOINT WARNING * * *
A large abomination comes into view.
The wretched star glows turbulently.
The lance of force hits you!
* * * LOW HITPOINT WARNING * * *
You are knocked back by the lance of force.
The white draconian stormcaller prays to Qazlal.
The purple draconian shifter gestures wildly while chanting.
The purple draconian shifter blinks!
The white draconian stormcaller mumbles some strange prayers to Qazlal against you.
Qazlal smites you!
* * * LOW HITPOINT WARNING * * *
The komodo dragon bites you but does no damage.
The komodo dragon attacks as you move away!
The komodo dragon bites you!
* * * LOW HITPOINT WARNING * * *
You recover from your berserk rage.
A lurking horror and a hellephant come into view.
The hellephant trumpets!
A smoke demon comes into view.
The komodo dragon attacks as you move away!
You block the komodo dragon's attack. The smoke demon gestures at you.
Something smites you!
You die...

## .# #.#.. #
...*# .. ##...
##3 ....#.. #
###.Y#.### .#
#.....#..##.#
##@##.#*..#.
#.##.......#
##l.qX..##§....
###q4...# §#X.
...#.#.# .
.#..q#..# #
#..#...#
#§....#.. #...
. .#.


You could see a hellephant, a smoke demon and a lurking horror.

Vanquished Creatures
  Mennas (Vaults:3)
  Saint Roka (Vaults:3)
  Jory (Vaults:3)
  A hellephant (Abyss:4)
  Jorgrun (Elf:2)
  A tentacled monstrosity (Swamp:4)
  A lich (Vaults:1)
  Asterion (Elf:1)
  A deep elf master archer (Elf:3)
  4 sphinxes
  A tentacled starspawn (Abyss:4)
  Agnes (Elf:1)
  3 thorn hunters
  Kirke (Swamp:1)
  A revenant (Vaults:2)
  A fire giant (Vaults:3)
  A deep elf sorcerer (Elf:2)
  11 vault wardens
  3 ghost moths
  3 emperor scorpions (Spider:4)
  5 broodmothers
  3 deep elf elementalists (Elf:3)
  20 ironbound preservers
  7 ironbound thunderhulks
  4 formless jellyfish
  Azrael (D:12)
  5 eleionomae
  2 deep elf demonologists (Elf:3)
  3 deep elf annihilators
  9 dire elephants
  2 bunyips
  4 spark wasps
  2 ettins
  2 crystal guardians (Elf:3)
  Josephine (Lair:4)
  3 deep elf death magi
  A fire dragon (Lair:5)
  2 jiangshi (Abyss:4)
  5 entropy weavers
  8 deep elf high priests
  8 yaktaur captains
  21 hydras
  6 great orbs of eyes
  7 ogre magi
  Harold (D:10)
  2 vault guards (Vaults:2)
  2 ghost crabs
  A shambling mangrove (Swamp:4)
  2 rakshasas
  2 jorogumos
  Erica (D:10)
  A peacekeeper (Vaults:3)
  9 centaur warriors
  5 ironbound frosthearts
  27 two-headed ogres
  3 radroaches
  10 boulder beetles
  12 alligators
  26 dancing weapons
  2 vampire magi
  10 demonic crawlers
  A tengu warrior (D:15)
  A spriggan berserker (Swamp:3)
  17 deep elf knights
  Sonja (Lair:4)
  A fire crab (Lair:5)
  4 skeletal warriors
  A shadow wraith (Vaults:2)
  2 wretched stars (Abyss:4)
  2 death drakes
  A spark wasp zombie (D:15)
  4 pharaoh ants
  2 skysharks
  43 deep trolls
  7 goliath frogs
  A glowing orange brain (Vaults:3)
  A flayed ghost (Abyss:4)
  8 bog bodies
  13 deep elf archers
  4 spriggan druids
  11 orb spiders
  5 lindwurms
  5 necromancers
  A steelbarb worm (Spider:3)
  A lindwurm (shapeshifter) (D:14)
  6 swamp dragons
  A large abomination (Abyss:4)
  6 wizards
  4 phantasmal warriors
  10 ironbound convokers
  35 deep elf pyromancers
  25 deep elf zephyrmancers
  2 orc knights
  2 orc sorcerers
  23 wolf spiders
  17 ugly things
  7 cyclopes
  A manticore (D:11)
  4 will-o-the-wisps
  15 elephants
  5 moths of wrath
  A smoke demon (Abyss:4)
  12 cane toads
  10 vault sentinels
  3 gargoyles
  3 molten gargoyles (Lair:5)
  7 black mambas
  4 torpor snails
  42 yaktaurs
  2 spriggan zombies (D:15)
  2 hellions (Elf:2)
  A rime drake (shapeshifter) (D:14)
  Psyche (D:10)
  Maggie (D:6)
  A komodo dragon (shapeshifter) (Elf:1)
  A tengu conjurer (D:15)
  A freezing wraith (Vaults:2)
  5 rime drakes
  2 efreet (Abyss:4)
  11 komodo dragons
  A guardian mummy (D:14)
  A spriggan skeleton (D:15)
  2 ancient zymes
  7 meliai
  3 polar bears
  A hellwing (Abyss:4)
  A bloated husk (Swamp:1)
  5 trolls
  30 tarantellas
  7 tyrant leeches
  20 blink frogs
  14 hornets
  6 raiju
  Grinder (D:6)
  2 dream sheep (Lair:5)
  20 culicivoras
  6 slime creatures
  2 centaur simulacra
  5 spriggans
  27 jumping spiders
  A shadow (D:11)
  3 air elementals
  A ynoxinul (Abyss:4)
  A vampire (Bailey)
  2 water elementals
  A human (shapeshifter) (Elf:1)
  8 wraiths
  49 yaks
  8 basilisks
  3 fire bats (Abyss:2)
  8 wyverns
  3 humans (Swamp:2)
  41 redbacks
  A steam dragon (Lair:5)
  Grum (Lair:1)
  5 fire elementals
  2 neqoxecs
  16 vampire mosquitoes
  A chaos spawn (Abyss:3)
  20 swamp worms
  4 wargs
  2 acid dragons
  Edmund (D:4)
  Duvessa (D:6)
  18 water moccasins
  6 hell hounds
  A black bear (D:3)
  6 swamp drakes (Swamp:4)
  33 ogres
  19 orc warriors
  7 ice beasts
  4 sky beasts
  12 wolves
  3 centaurs (D:8)
  A phantom (D:5)
  4 kobold brigands
  4 scorpions
  8 bullfrogs
  A gnoll sergeant (D:10)
  3 earth elementals (Elf:1)
  Dowan (D:6)
  A hornet simulacrum (D:14)
  8 killer bees
  7 vampire bats (Bailey)
  6 wolf zombies (Bailey)
  4 howler monkeys
  6 electric eels
  4 lava snakes (Lair:5)
  2 small abominations
  5 jellies
  18 orc priests
  8 hounds
  A gnoll bouda (D:6)
  An iron imp (Abyss:4)
  2 iguanas
  2 sleepcaps
  23 orc wizards
  5 hell rats (Lair:2)
  4 adders
  11 gnolls
  10 river rats (Lair:2)
  3 white imps
  An ufetubus (D:6)
  4 worms
  5 dart slugs (D:3)
  85 orcs
  4 bats
  10 endoplasms
  A giant cockroach (D:2)
  6 goblins
  9 hobgoblins
  4 jackals (D:1)
  10 quokkas
  7 ball pythons
  2 frilled lizards (D:1)
  20 kobolds
  19 orc zombies (Bailey)
  14 rats
  A lurking horror (Abyss:4)
  A spectral weapon (Elf:1)
  2 starspawn tentacles (Abyss:4)
1507 creatures vanquished.

Vanquished Creatures (others)
  A wizard (Vaults:3)
  A yaktaur (Vaults:1)
  6 bloated husks
  An orc wizard (D:6)
  16 foxfires
  2 starspawn tentacles (Abyss:4)
27 creatures vanquished.

Grand Total: 1534 creatures vanquished

Notes
Turn   | Place    | Note
-------+----------+-------------------------------------------
     0 | D:1      | rddays123 the Minotaur Fighter began the quest for the Orb.
     0 | D:1      | Reached XP level 1. HP: 19/19 MP: 0/0
     2 | D:1      | Noticed a gargoyle
     2 | D:1      | Noticed a demonspawn
     4 | D:1      | Noticed a vampire
     4 | D:1      | Noticed an elf
     6 | D:1      | Noticed a naga
     6 | D:1      | Noticed a spriggan
     8 | D:1      | Noticed a merfolk
    10 | D:1      | Noticed an ogre
    12 | D:1      | Noticed a draconian
    12 | D:1      | Noticed a meteoran
    14 | D:1      | Noticed an octopode
    14 | D:1      | Noticed a troll
    16 | D:1      | Noticed a minotaur
    16 | D:1      | Noticed a demigod
    18 | D:1      | Noticed a ghoul
    20 | D:1      | Noticed a tengu
    20 | D:1      | Noticed a formicid
    22 | D:1      | Noticed a vine stalker
    22 | D:1      | Noticed an armataur
    24 | D:1      | Noticed a felid
    26 | D:1      | Noticed an elf
    26 | D:1      | Noticed a felid
   104 | D:1      | Found a faded altar of an unknown god.
   147 | D:1      | Reached XP level 2. HP: 24/27 MP: 1/1
   222 | D:1      | Reached skill level 4 in Fighting
   401 | D:1      | Reached XP level 3. HP: 33/33 MP: 2/2
  1322 | D:3      | Reached XP level 4. HP: 36/41 MP: 3/3
  1364 | D:3      | Found a burning altar of Makhleb.
  1501 | D:3      | Noticed a black bear
  1505 | D:3      | Killed a black bear
  1506 | D:3      | Reached skill level 5 in Fighting
  1506 | D:3      | Reached XP level 5. HP: 31/48 MP: 4/4
  1980 | D:4      | Noticed an ogre
  1989 | D:4      | Killed an ogre
  1990 | D:4      | Reached skill level 6 in Fighting
  1990 | D:4      | Reached skill level 5 in Axes
  1990 | D:4      | Reached XP level 6. HP: 32/57 MP: 5/5
  2413 | D:4      | Noticed Edmund
  2423 | D:4      | Killed Edmund
  2424 | D:4      | Reached skill level 7 in Fighting
  2424 | D:4      | Reached XP level 7. HP: 35/66 MP: 6/6
  2886 | D:5      | Entered Level 5 of the Dungeon
  3030 | D:5      | Reached skill level 8 in Fighting
  3219 | D:5      | Reached XP level 8. HP: 55/75 MP: 7/7
  3497 | D:5      | Found a staircase to the Ecumenical Temple.
  3721 | Temple   | Entered the Ecumenical Temple
  3951 | Temple   | Became a worshipper of Warmaster Okawaru
  4300 | D:6      | Noticed Duvessa
  4343 | D:6      | Reached skill level 9 in Fighting
  4533 | D:6      | Noticed Dowan
  4826 | D:6      | Reached skill level 10 in Fighting
  4921 | D:6      | Reached * piety under Okawaru
  4989 | D:6      | Noticed Maggie
  5005 | D:6      | Killed Maggie
  5006 | D:6      | Reached skill level 10 in Axes
  5006 | D:6      | Reached XP level 9. HP: 70/86 MP: 8/8
  5008 | D:6      | Killed Dowan
  5030 | D:6      | Killed Duvessa
  5284 | D:6      | Noticed Grinder
  5292 | D:6      | Reached skill level 11 in Fighting
  5298 | D:6      | Killed Grinder
  5401 | D:6      | Found a white marble altar of Elyvilon.
  5533 | D:7      | Found a transporter.
  5537 | D:7      | Found Kaciw's Jewellery Shop.
  5540 | D:7      | Noticed an orc knight
  5581 | D:7      | Found a transporter.
  5811 | D:6      | Reached ** piety under Okawaru
  5851 | D:6      | Reached skill level 12 in Fighting
  6112 | D:7      | Found Ycross's Book Shop.
  6354 | D:7      | Found a hazy altar of Hepliaklqana.
  6604 | D:8      | Reached XP level 10. HP: 80/99 MP: 9/9
  6653 | D:6      | Gained mutation: Your flesh is heat resistant. (rF+)
                  | [potion of mutation]
  6985 | D:8      | Identified the +0 pair of boots of the Solstice {Stlth+}
  7576 | D:9      | Found a blossoming altar of Fedhas.
  7619 | D:9      | Noticed a two-headed ogre
  7627 | D:9      | Killed a two-headed ogre
  7628 | D:9      | Reached skill level 13 in Fighting
  7636 | D:9      | Found an opulent altar of Gozag.
  7820 | D:9      | Reached *** piety under Okawaru
  8049 | D:9      | Found a staircase to the Orcish Mines.
  8424 | D:10     | Entered Level 10 of the Dungeon
  8424 | D:10     | Noticed Erica
  8550 | D:10     | Noticed a two-headed ogre
  8562 | D:9      | Killed a two-headed ogre
  8563 | D:9      | Reached skill level 5 in Armour
  8596 | D:10     | Found a staircase to the Lair.
  8670 | D:10     | Reached **** piety under Okawaru
  8702 | D:10     | Found a flagged portal.
  8722 | Bailey   | Entered a bailey
  8771 | Bailey   | Noticed a gargoyle
  8778 | Bailey   | Killed a gargoyle
  8834 | Bailey   | Reached skill level 1 in Invocations
  8982 | Bailey   | Reached XP level 11. HP: 84/108 MP: 10/12
  9006 | Bailey   | Identified the +2 pair of gloves "Xezewk" {-Tele rElec
                  | Dex-4 Stlth+}
  9262 | D:10     | Noticed Psyche
  9286 | D:10     | Killed Psyche
  9286 | D:10     | Reached ***** piety under Okawaru
 10091 | D:10     | Reached skill level 1 in Throwing
 10199 | D:10     | Noticed Harold
 10212 | D:10     | Killed Harold
 10213 | D:10     | Reached skill level 5 in Invocations
 10276 | D:10     | Killed Erica
 10366 | D:10     | Found a bloodstained altar of Trog.
 11184 | D:11     | Reached skill level 5 in Throwing
 11479 | D:11     | Identified the +2 robe of Werucho {Rampage rF+ rCorr}
                  | (Okawaru gifted it to you on level 11 of the Dungeon)
 11479 | D:11     | Received a gift from Okawaru
 11484 | D:11     | Noticed a two-headed ogre
 11494 | D:11     | Killed a two-headed ogre
 12218 | Orc:1    | Entered Level 1 of the Orcish Mines
 12302 | Orc:2    | Entered Level 2 of the Orcish Mines
 12732 | Orc:2    | Found a staircase to the Elven Halls.
 12747 | Orc:2    | Noticed a two-headed ogre
 12754 | Orc:2    | Noticed a two-headed ogre
 12755 | Orc:2    | Noticed an ogre mage
 12756 | Orc:2    | Noticed an ogre mage
 12759 | Orc:2    | Noticed an orc knight
 12765 | Orc:2    | Noticed a two-headed ogre
 12774 | Orc:1    | Reached skill level 14 in Fighting
 13016 | D:12     | Reached XP level 12. HP: 95/117 MP: 16/16
 13089 | D:12     | Noticed Azrael
 13494 | D:11     | Noticed a centaur warrior
 13586 | D:11     | Killed a centaur warrior
 13664 | D:11     | Noticed a four-headed hydra
 13675 | D:11     | Killed a four-headed hydra
 13812 | D:12     | Noticed a two-headed ogre
 13819 | D:12     | Killed a two-headed ogre
 13906 | D:12     | Reached skill level 15 in Axes
 14030 | D:12     | Killed Azrael
 14218 | D:12     | Identified the +1 chain mail of Utav {rElec rCorr Int+4}
                  | (Okawaru gifted it to you on level 12 of the Dungeon)
 14218 | D:12     | Received a gift from Okawaru
 14249 | D:12     | Noticed a boulder beetle
 14281 | D:12     | Killed a boulder beetle
 15240 | D:13     | HP: 5/117 [skeletal warrior/+0 battleaxe (10)]
 15434 | D:13     | Found a portal to a secret trove of treasure.
 15820 | D:13     | Noticed a centaur warrior
 15829 | D:13     | Killed a centaur warrior
 16217 | D:14     | Noticed a rakshasa
 16218 | D:14     | Noticed a two-headed ogre
 16239 | D:13     | Killed a two-headed ogre
 16240 | D:13     | Reached XP level 13. HP: 104/125 MP: 17/17
 16325 | D:14     | Reached skill level 5 in Shields
 16535 | D:14     | Found a gate to the Vaults.
 16844 | D:14     | Identified the +5 plate armour of Okawaru's Reproof {Int-4
                  | Slay+5} (Okawaru gifted it to you on level 14 of the
                  | Dungeon)
 16844 | D:14     | Received a gift from Okawaru
 17165 | D:15     | Entered Level 15 of the Dungeon
 17165 | D:15     | Found a staircase to the Depths.
 17183 | D:14     | Reached skill level 15 in Fighting
 17248 | D:15     | Reached ****** piety under Okawaru
 17346 | D:14     | Reached skill level 10 in Armour
 17735 | D:15     | Reached skill level 16 in Fighting
 17995 | D:15     | Received a gift from Okawaru
 18449 | Orc:1    | Reached XP level 14. HP: 82/138 MP: 6/18
 18570 | Orc:1    | Reached skill level 17 in Fighting
 18747 | Orc:2    | Received a gift from Okawaru
 19164 | Orc:2    | Found Acalu's General Store.
 19164 | Orc:2    | Found Veliales's Magic Scroll Shop.
 19165 | Orc:2    | Found Tyesiom's Book Boutique.
 19165 | Orc:2    | Found Pocur's Assorted Antiques.
 19176 | Orc:2    | Bought a scroll of blinking for 225 gold pieces
 19176 | Orc:2    | Bought 2 potions of curing for 180 gold pieces
 19176 | Orc:2    | Bought a scroll of identify for 60 gold pieces
 19176 | Orc:2    | Bought a scroll of identify for 60 gold pieces
 19181 | Orc:2    | Bought a scroll of fear for 52 gold pieces
 19181 | Orc:2    | Bought a scroll of blinking for 97 gold pieces
 19181 | Orc:2    | Bought a scroll of teleportation for 39 gold pieces
 19724 | Orc:1    | Found Wewn's Weapon Shop.
 20219 | Lair:1   | Entered Level 1 of the Lair of Beasts
 20220 | Lair:1   | Identified the orb of Proximity {light, Int+2 Dex+3}
 20474 | Lair:1   | Found a glowing silver altar of Zin.
 20624 | Lair:1   | Identified a scroll of acquirement
 20625 | Lair:1   | Acquired 778 gold pieces
 20771 | Orc:2    | Bought a scroll of teleportation for 90 gold pieces
 20771 | Orc:2    | Bought a potion of might for 120 gold pieces
 20772 | Orc:2    | Bought a potion of might for 48 gold pieces
 20966 | Lair:1   | Noticed Grum
 20976 | Lair:1   | Killed Grum
 21248 | Lair:2   | Reached skill level 18 in Fighting
 21607 | Lair:2   | Received a gift from Okawaru
 22623 | Lair:3   | Received a gift from Okawaru
 22729 | Lair:3   | Reached XP level 15. HP: 136/150 MP: 6/20
 22755 | Lair:3   | Found a staircase to the Swamp.
 22766 | Lair:3   | Found a hole to the Spider Nest.
 23433 | Lair:4   | Noticed Josephine
 23448 | Lair:4   | Killed Josephine
 23448 | Lair:4   | Identified the +0 cloak "Ylyint" {Str-3 Int+7} (Okawaru
                  | gifted it to you on level 4 of the Lair of Beasts)
 23448 | Lair:4   | Received a gift from Okawaru
 23449 | Lair:4   | Reached skill level 15 in Armour
 23542 | Lair:4   | Noticed Sonja
 23554 | Abyss:2  | Cast into level 2 of the Abyss (Sonja)
 23579 | Abyss:2  | Found a corrupted altar of Lugonu.
 23660 | Abyss:2  | Gained mutation: Armour fits poorly on your strangely
                  | shaped body. [a neqoxec]
 23662 | Abyss:2  | Gained mutation: You have sharp fingernails. [a neqoxec]
 23716 | Abyss:2  | Found a corrupted altar of Lugonu.
 23721 | Abyss:2  | Found a corrupted altar of Lugonu.
 23745 | Abyss:2  | Found a corrupted altar of Lugonu.
 23746 | Abyss:2  | Found a corrupted altar of Lugonu.
 23746 | Abyss:2  | Found a corrupted altar of Lugonu.
 23755 | Abyss:2  | Found a corrupted altar of Lugonu.
 23786 | Lair:4   | Escaped the Abyss
 23796 | Lair:4   | Killed Sonja
 24313 | Lair:5   | Entered Level 5 of the Lair of Beasts
 24349 | Lair:5   | Found the +16 obsidian axe {drain, demonic, Mesm Drain Fly
                  | SInv}
 24351 | Lair:5   | Found a staircase to the Slime Pits.
 24388 | Lair:5   | Reached skill level 10 in Invocations
 24422 | Lair:5   | Reached skill level 19 in Fighting
 25093 | Lair:5   | Received a gift from Okawaru
 25562 | Lair:5   | Found a large runed translucent door.
 25563 | Lair:5   | Found a large runed translucent door.
 26156 | Swamp:1  | Entered Level 1 of the Swamp
 26317 | Swamp:1  | Received a gift from Okawaru
 26850 | Swamp:1  | Reached XP level 16. HP: 150/162 MP: 10/23
 26951 | Swamp:1  | Identified the ring "Parurij" {Fly Will+ MP+9}
 27074 | Swamp:2  | Noticed Kirke
 27087 | Swamp:1  | Killed Kirke
 27222 | Swamp:2  | Reached skill level 20 in Fighting
 27246 | Swamp:2  | Received a gift from Okawaru
 27472 | Swamp:2  | Found a transporter.
 27473 | Swamp:2  | Found the +3 pair of seven-league boots {Rampage+∞}
 27474 | Swamp:2  | Noticed a thorn hunter
 27481 | Swamp:2  | Noticed a tentacled monstrosity
 27484 | Swamp:2  | Found a transporter.
 27485 | Swamp:2  | Noticed a thorn hunter
 27744 | Swamp:2  | Received a gift from Okawaru
 27887 | Swamp:2  | Noticed a thorn hunter
 27906 | Swamp:2  | Killed a thorn hunter
 28393 | Swamp:3  | Reached skill level 1 in Dodging
 28508 | Swamp:3  | Reached skill level 1 in Stealth
 28794 | Swamp:3  | Identified the +0 robe of Rich {Drain rElec SInv}
 29001 | Swamp:4  | Entered Level 4 of the Swamp
 29001 | Swamp:4  | Noticed a thorn hunter
 29098 | Swamp:4  | Identified the +6 battleaxe of Infinity {drain, Will++}
                  | (Okawaru gifted it to you on level 4 of the Swamp)
 29098 | Swamp:4  | Received a gift from Okawaru
 29105 | Swamp:4  | Killed a thorn hunter
 29985 | Swamp:4  | Noticed a thorn hunter
 30000 | Swamp:4  | Reached skill level 5 in Dodging
 30020 | Swamp:4  | Killed a thorn hunter
 30676 | Swamp:4  | Noticed a tentacled monstrosity
 30700 | Swamp:4  | Killed a tentacled monstrosity
 31196 | Swamp:4  | Got a decaying rune of Zot
 31781 | Spider:1 | Entered Level 1 of the Spider Nest
 31904 | Spider:1 | Received a gift from Okawaru
 32103 | Spider:1 | Reached XP level 17. HP: 170/171 MP: 25/25
 32299 | Spider:1 | Identified the +2 scale mail of Birdsong {rCorr Int+3
                  | Dex-2}
 32349 | Spider:1 | Identified the +3 long sword "Yrutoh" {holy, rPois rC+
                  | Int+3 Dex+3}
 33149 | Spider:1 | Identified the +2 hat of Trumpets {Dex+4 Slay-3}
 33342 | Spider:1 | Reached skill level 10 in Dodging
 33897 | Spider:2 | You fall into a shaft and drop 1 floor!
 34157 | Spider:2 | Identified the +2 hat "Xukub" {Stlth+} (Okawaru gifted it
                  | to you on level 2 of the Spider Nest)
 34157 | Spider:2 | Received a gift from Okawaru
 34537 | Spider:3 | Lost mutation: Your flesh is heat resistant. (rF+) [potion
                  | of mutation]
 34537 | Spider:3 | Lost mutation: You have sharp fingernails. [potion of
                  | mutation]
 34537 | Spider:3 | Gained mutation: [Potions are less effective at restoring
                  | your health.] [potion of mutation]
 34537 | Spider:3 | Gained mutation: You have very sharp teeth. [potion of
                  | mutation]
 34537 | Spider:3 | Gained mutation: Your muscles are strong. (Str +4, Int/Dex
                  | -1) [potion of mutation]
 34538 | Spider:3 | Lost mutation: [Potions are less effective at restoring
                  | your health.] [potion of mutation]
 34538 | Spider:3 | Lost mutation: You have very sharp teeth. [potion of
                  | mutation]
 34538 | Spider:3 | Gained mutation: Your muscles are very strong. (Str +8,
                  | Int/Dex -2) [potion of mutation]
 34538 | Spider:3 | Gained mutation: You have large cloven feet. [potion of
                  | mutation]
 34538 | Spider:3 | Gained mutation: You are strong-willed. (Will+) [potion of
                  | mutation]
 34913 | Spider:3 | Gained mutation: [Your spells are a little easier to cast,
                  | but a little less powerful.] [mutagenic glow]
 34940 | Spider:3 | Lost mutation: Your muscles are very strong. (Str +8,
                  | Int/Dex -2) [mutagenic glow]
 35494 | Spider:4 | Entered Level 4 of the Spider Nest
 36584 | Spider:3 | Received a gift from Okawaru
 36730 | Spider:4 | Identified the +0 robe "Pyidim" {*Slow rPois Archmagi}
 36811 | Spider:3 | Received a gift from Okawaru
 36864 | Spider:3 | Reached skill level 15 in Dodging
 36864 | Spider:3 | Reached XP level 18. HP: 180/180 MP: 26/26
 37968 | Spider:4 | Got a gossamer rune of Zot
 38243 | Vaults:1 | Entered Level 1 of the Vaults
 38716 | Vaults:1 | Reached skill level 10 in Shields
 39335 | Vaults:1 | Identified the +0 chain mail of Lautagia {MP+9} (Okawaru
                  | gifted it to you on level 1 of the Vaults)
 39335 | Vaults:1 | Received a gift from Okawaru
 40127 | Vaults:1 | Noticed a lich
 40143 | Vaults:1 | Killed a lich
 40333 | Vaults:1 | Found Kaxif Cilyra's General Store.
 40351 | Vaults:1 | Bought a scroll of enchant armour for 75 gold pieces
 40351 | Vaults:1 | Bought a potion of heal wounds for 50 gold pieces
 40351 | Vaults:1 | Bought a scroll of teleportation for 30 gold pieces
 40600 | Vaults:1 | Found a runed translucent gate.
 40603 | Vaults:1 | Found a runed translucent gate.
 40603 | Vaults:1 | Found a runed translucent gate.
 40608 | Vaults:1 | Noticed Qecvurom's ghost (adept DrRe)
 41875 | Vaults:2 | Found Lehibeg's Distillery.
 41883 | Vaults:2 | Bought a potion of curing for 54 gold pieces
 41883 | Vaults:2 | Bought a potion of cancellation for 144 gold pieces
 41883 | Vaults:2 | Bought a potion of curing for 54 gold pieces
 41953 | Vaults:2 | Reached skill level 15 in Shields
 42173 | Vaults:2 | Reached XP level 19. HP: 187/187 MP: 27/27
 42278 | Vaults:2 | Identified the +1 pair of gloves "Soetykent" {Fly Dex+2}
                  | (Okawaru gifted it to you on level 2 of the Vaults)
 42278 | Vaults:2 | Received a gift from Okawaru
 42442 | Vaults:2 | Reached skill level 21 in Fighting
 42623 | Vaults:2 | Found a staircase to the Crypt.
 43638 | Vaults:3 | Noticed Mennas
 43663 | Vaults:3 | Killed Mennas
 43784 | Vaults:3 | Noticed Saint Roka
 43809 | Vaults:3 | Killed Saint Roka
 44067 | Vaults:3 | Paralysed by a formless jellyfish for 1 turns
 44224 | Vaults:3 | Reached skill level 22 in Fighting
 44269 | Vaults:3 | Received a gift from Okawaru
 44305 | Vaults:3 | Paralysed by a formless jellyfish for 1 turns
 45021 | Vaults:3 | Noticed Jory
 45042 | Vaults:3 | Killed Jory
 45360 | Vaults:4 | Found Saorat's Antique Armour Shoppe.
 45368 | Vaults:4 | Bought a runed plate armour for 884 gold pieces
 45370 | Vaults:4 | Bought a glowing plate armour for 884 gold pieces
 45450 | Vaults:4 | Identified the +7 great mace of rddays123's Terror {drain,
                  | *Slow rPois Str+5 SInv}
 45546 | Vaults:4 | Reached skill level 1 in Polearms
 45841 | Vaults:4 | Reached skill level 5 in Polearms
 46069 | Vaults:4 | Received a gift from Okawaru
 46169 | Vaults:4 | Reached XP level 20. HP: 187/202 MP: 28/28
 46390 | Vaults:4 | Identified the +0 chain mail of Wamojinu {rElec rPois
                  | Regen+ Stlth-}
 46521 | Vaults:4 | Bought a glowing cloak for 255 gold pieces
 46832 | Vaults:4 | Identified the ring "Patojile" {+Blink rF+ rN+}
 47006 | Vaults:4 | Reached skill level 1 in Evocations
 47521 | Elf:1    | Entered Level 1 of the Elven Halls
 47563 | Elf:1    | Found Atwyfy's Armour Boutique.
 47617 | Elf:1    | Found a radiant altar of Vehumet.
 47648 | Elf:1    | Found Togeyf's Jewellery Emporium.
 47651 | Elf:1    | Found Ysaajal's General Store.
 47651 | Elf:1    | Noticed Asterion
 47659 | Elf:1    | Killed Asterion
 47664 | Elf:1    | Bought a scroll of teleportation for 30 gold pieces
 47673 | Elf:1    | Bought the ring of Nyfeop {Wiz rF+ Str+4} for 628 gold
                  | pieces
 47696 | Elf:1    | Found Vutur's Distillery.
 47696 | Elf:1    | Found Plog's Armour Emporium.
 47731 | Elf:1    | Bought a potion of might for 52 gold pieces
 47731 | Elf:1    | Bought 2 potions of might for 104 gold pieces
 47731 | Elf:1    | Bought a potion of haste for 130 gold pieces
 47731 | Elf:1    | Bought a potion of heal wounds for 65 gold pieces
 47731 | Elf:1    | Bought a potion of might for 52 gold pieces
 47733 | Elf:1    | Bought a potion of enlightenment for 65 gold pieces
 47751 | Elf:1    | Paralysed by an air elemental for 1 turns
 47763 | Elf:1    | Identified the +3 leather armour of Qelielya {Int+2 Dex+6}
 47833 | Elf:1    | Noticed Agnes
 47836 | Elf:1    | Received a gift from Okawaru
 47843 | Elf:1    | Killed Agnes
 47879 | Elf:1    | Reached skill level 5 in Evocations
 47933 | Elf:1    | Received a gift from Okawaru
 48047 | Elf:1    | Found Xoinem's Jewellery Boutique.
 48288 | Elf:1    | Received a gift from Okawaru
 48322 | Elf:1    | Received a gift from Okawaru
 48466 | Elf:1    | Found Lailoxim's Antique Weapon Emporium.
 48824 | Elf:2    | Paralysed by an air elemental for 1 turns
 48950 | Elf:2    | Paralysed by an air elemental for 1 turns
 48954 | Elf:2    | Paralysed by an air elemental for 1 turns
 48982 | Elf:2    | Received a gift from Okawaru
 49089 | Elf:2    | Found a runed translucent gate.
 49091 | Elf:2    | Found a runed translucent gate.
 49096 | Elf:2    | Found a runed translucent gate.
 49143 | Elf:2    | Found Weubary's Magic Scroll Boutique.
 49186 | Elf:2    | Bought a scroll of blinking for 120 gold pieces
 49269 | Elf:2    | Found the +6 arbalest "Damnation" {damnation}
 49958 | Elf:2    | Reached skill level 10 in Evocations
 50060 | Elf:2    | Noticed Jorgrun
 50079 | Elf:2    | Killed Jorgrun
 50275 | Elf:3    | Entered Level 3 of the Elven Halls
 50950 | Elf:3    | Reached skill level 5 in Stealth
 51059 | Elf:3    | Reached XP level 21. HP: 210/210 MP: 29/29
 51193 | Elf:3    | Reached skill level 23 in Fighting
 51215 | Elf:3    | Received a gift from Okawaru
 51339 | Abyss:3  | Found a corrupted altar of Lugonu.
 51339 | Abyss:3  | Cast into level 3 of the Abyss (a deep elf sorcerer)
 51378 | Abyss:3  | Found a corrupted altar of Lugonu.
 51528 | Abyss:4  | Found a corrupted altar of Lugonu.
 51739 | Abyss:4  | HP: 4/212 [komodo dragon[a white draconian stormcaller]
                  | (10)]
 51741 | Abyss:4  | Killed from afar by a smoke demon

Illustrated notes

Levels and vault maps discovered:
D:1:      kb_arrival_jail, layout_basic, ebering_ecumenical_altar_abandoned
D:2:      layout_loops_ring, nicolae_titane
D:3:      layout_loops_ring, lemuel_doored_altar, grunt_ministairs_10
D:4:      layout_basic, uniq_edmund
D:5:      layout_basic, minmay_temple_entry_crystal_x, patterned_corridor
D:6:      minmay_skewed_foursquare, layout_rooms, kennysheep_little_box,
          uniq_maggie, uniq_duvessa, uniq_grinder
D:7:      gammafunk_beogh_shrine, layout_cave_pools,
          nicolae_hepliaklqana_hippocampus, serial_shops,
          nicolae_shop_advertising_works [nicolae_subvault_shop_adworks],
          minmay_shop_enchanted_jewellery, minmay_fractal_squares_5
D:8:      layout_loops_ring, chequers_serial_rivers_room_a,
          minmay_misc_feat_pillars
D:9:      layout_roguey, mainiacjoe_overflow_small_starburst,
          grunt_gozag_breadcrumbs, hiddenorc2_lemuel, mrwooster_statue_mirror,
          kennysheep_generic_room_2
D:10:     layout_cave_pods, lemuel_tele_altar, dpeg_oklobed_lair,
          enter_bailey_7, uniq_harold, uniq_erica, uniq_psyche
D:11:     cheibrodos_elevator_heist, layout_loops_ring, item_on_display_a
D:12:     layout_grid_maze, uniq_azrael
D:13:     layout_irregular_city, serial_column_ruins, column_ruins_circle_large,
          column_ruins_corridor_corner, column_ruins_open_tiny,
          column_ruins_columns_straight, column_ruins_columns_straight,
          column_ruins_open_tiny, column_ruins_grid_1, column_ruins_open_small,
          nicolae_trove_entry_crossroad
D:14:     layout_loops_ring, david_vaults_2, serial_ice, serial_ice_n,
          serial_ice_e, serial_ice_c, serial_ice_i, serial_ice_m,
          corexii_leaking_fountain
D:15:     gammafunk_depths_entry_grave, layout_loops_cross
Temple:   compressed_dpeg_triangle_lava_temple
Lair:1:   layout_loops_ring, basic_altar, columned_hall_lemuel,
          minmay_hedge_maze, grunt_megastairs_5, uniq_grum
Lair:2:   lemuel_ratsnest, layout_cave_pods, serial_bayou_lagoon_b
Lair:3:   layout_loops_ring, minmay_swamp_entry_worms,
          hellmonk_spider_entry_not_the_bees
Lair:4:   layout_regular_city, uniq_josephine, uniq_sonja
Lair:5:   cheibrodos_lair_end_hotspot, layout_gridlike,
          dpeg_slime_entry_enclosed, serial_bayou_pond_d,
          dreamdust_deal_with_the_devil
Swamp:1:  layout_basic_swamp, evilmike_swamp_ruin_wall, worms_lemuel,
          infiniplex_staircase_pool_2
Swamp:2:  gammafunk_sealed_arena, layout_basic_swamp,
          nicolae_swamp_trees_clearing, swamp_pool1, roderic_carrion_pond,
          uniq_kirke
Swamp:3:  layout_falls_marsh, hangedman_swamp_ruin_wall
Swamp:4:  swamp_basic_johnstein, layout_basic_swamp
Spider:1: layout_chambers, hellmonk_motheaten_closet
Spider:2: layout_spider_delve
Spider:3: layout_chambers, drop_trap, einodemon_crawler_minivault
Spider:4: spider_rune_water
Orc:1:    layout_diamond_mine, serial_shops, nicolae_shop_peninsula
Orc:2:    st_orc_ogre_mass, layout_caves, basic_altar
Elf:1:    nicolae_elf_arrival_fired_up, layout_loops_corners, serial_shops,
          shop, shop, nicolae_shop_hallway_stairs, nicolae_take_the_stairs,
          shop, basic_altar, minivault_28, elves_outpost_lemuel,
          minmay_shoptagon, uniq_agnes, uniq_asterion
Elf:2:    nicolae_elf_blades_splatter_lattice
          [nicolae_vaults_blade_armed_guards], layout_rooms, serial_shops,
          nicolae_shop_waterfront, hellmonk_guarded_unrand_damnation,
          uniq_jorgrun
Elf:3:    minmay_elf_hall_golems, layout_gridlike
Vaults:1: gammafunk_ghost_necromancy, nicolae_vaults_trapezoid_lopsided_2,
          v_alt_pattern_6, nicolae_vaults_inception_statues,
          dpeg_vaults_monster_row, vaults_mumra_lcd,
          nicolae_vaults_border_crossing, nicolae_vaults_apartment_1,
          nicolae_vaults_house_1, nicolae_vaults_trapezoid_3,
          layout_vaults_omnigrid, serial_shops, shop_coins
Vaults:2: v_rooms_4, nicolae_vaults_network_star, v_misc_17, vaults_room_fours,
          nicolae_vaults_network_quinsquares
          [nicolae_vaults_network_quincunx_subvault,
          nicolae_vaults_network_quincunx_subvault,
          nicolae_vaults_network_quincunx_subvault,
          nicolae_vaults_network_quincunx_subvault],
          minmay_crypt_entry_simple_round, nicolae_vaults_trapezoid_3,
          nicolae_vaults_double_plus_3, nicolae_vaults_alarming,
          nicolae_vaults_antechamber_and_loot_room, v_misc_11,
          hangedman_vaults_stretched_pinwheel,
          nicolae_vaults_variable_pillar_hall_cross, vaults_dpeg_diagonal,
          layout_vaults_omnibox, serial_shops, shop
Vaults:3: nicolae_vaults_storage_room_doors, v_pattern_3,
          nicolae_vaults_little_squares_2, ontoclasm_vaults_ring_large,
          nicolae_vaults_turnstiles, st_star, v_rooms_4,
          nicolae_vaults_closet_pinwheel_5, ontoclasm_vaults_spin,
          layout_vaults_omnicross, uniq_mennas, uniq_jory, uniq_saint_roka
Vaults:4: nicolae_vaults_cochlea, nicolae_vaults_closet_pinwheel_6,
          vaults_dpeg_ring, ontoclasm_vaults_pinch,
          nicolae_vaults_little_squares_1, v_rooms_5,
          nicolae_vaults_surprise_closet_hard, ontoclasm_vaults_gateway,
          nicolae_vaults_double_plus_2, grunt_vaults_hallway_short,
          layout_vaults_chaotic_city, serial_shops, nicolae_shop_scrapyard
Abyss:4:  base: Depths:4, base: Lair:2, gammafunk_abyss_exit_x_factor,
          minivault_19, minivault_26, minivault_23, evilmike_abyss_exit_15,
          minivault_26, evilmike_abyss_rune_elephants_shrine,
          hangedman_abyss_theft

Skill      XL: |  1  2  3  4  5  6  7  8  9 10 11 12 13 14 15 16 17 18 19 20 21 |
---------------+----------------------------------------------------------------+-----
Fighting       | 4 5 6 7 8 10 12 13 14 16 18 19 20 22 23 | 23.4
Armour         | 4 7 8 12 14 16 17 | 17.0
Axes           | 3 4 5 6 8 10 12 13 17 18 | 18.3
Invocations    | 2 7 9 11 12 | 12.0
Throwing       | 6 |  6.2
Shields        | 4 6 15 | 15.2
Dodging        | 7 15 17 | 17.5
Stealth        | 3 5 6 |  6.7
Polearms       | 6 7 |  7.6
Evocations     | 10 | 10.0
Spellcasting   | |  0.4

Action                     |  1- 3 |  4- 6 |  7- 9 | 10-12 | 13-15 | 16-18 | 19-21 || total
---------------------------+-------+-------+-------+-------+-------+-------+-------++-------
  Melee: War axe           |    86 |    63 |   262 |   661 |   194 |       |       ||  1266
         Headbutt          |     5 |    18 |    52 |   178 |   281 |   445 |   323 ||  1302
         Spear             |       |       |       |    11 |    44 |   159 |       ||   214
         Broad axe         |       |       |       |       |   820 |  1266 |  1073 ||  3159
  Throw: Dart              |       |       |       |    26 |    17 |     3 |       ||    46
 Invoke: Heroism           |       |       |     2 |     9 |     1 |     4 |     3 ||    19
         Finesse           |       |       |       |     2 |     1 |     5 |     9 ||    17
Ability: Evoke Blink       |       |       |       |       |       |       |     1 ||     1
    Use: Scroll            |       |     3 |     4 |    18 |    18 |    15 |     6 ||    64
         Potion            |       |       |     2 |     5 |     1 |     7 |     4 ||    19
   Stab: Invisible         |       |       |       |       |       |     3 |       ||     3
 Armour: Scale mail        |    42 |    19 |   113 |    44 |       |       |       ||   218
         Plate armour      |       |       |       |   292 |   694 |  1016 |   341 ||  2343
  Dodge: Dodged            |    42 |    27 |   117 |   177 |   272 |   977 |   353 ||  1965
  Block: Buckler           |    18 |    13 |    55 |   142 |   227 |   429 |       ||   884
         Kite shield       |       |       |       |       |       |   165 |   645 ||   810

Table legend: (Time is in decaauts)
 A = Elapsed time spent in this place.
 B = Non-inter-level travel time spent in this place.
 C = Inter-level travel time spent in this place.
 D = Time resting spent in this place.
 E = Time spent auto-exploring this place.
 F = Levels seen in this place.
 G = Mean time per level.
                   A        B        C        D        E       F      G
               +--------+--------+--------+--------+--------+-----+--------+
         Total |  51183 |  46405 |   4778 |   9639 |  21324 |  42 | 1218.6 |
       Dungeon |  18266 |  15296 |   2970 |   3215 |   8299 |  15 | 1217.7 |
        Temple |    238 |    222 |     16 |      0 |    121 |   1 |  238.0 |
          Lair |   5766 |   5055 |    711 |    496 |   3431 |   5 | 1153.2 |
         Swamp |   5290 |   5123 |    167 |   2081 |   1374 |   4 | 1322.5 |
   Spider Nest |   6225 |   5955 |    270 |   1805 |   2121 |   4 | 1556.2 |
  Orcish Mines |   2573 |   2381 |    192 |    595 |    957 |   2 | 1286.5 |
   Elven Halls |   3674 |   3559 |    115 |    429 |   1457 |   3 | 1224.7 |
        Vaults |   8199 |   7864 |    335 |    983 |   3424 |   4 | 2049.8 |
         Abyss |    615 |    615 |      0 |      8 |      0 |   3 |  205.0 |
        Bailey |    334 |    334 |      0 |     25 |    139 |   1 |  334.0 |
               +--------+--------+--------+--------+--------+-----+--------+

Top non-repeatable levels by time:
Vaults:2: 2312 daAuts
Vaults:1: 2094 daAuts
Spider:4: 2005 daAuts
    D:10: 1979 daAuts
Vaults:3: 1899 daAuts
Vaults:4: 1894 daAuts
Spider:3: 1891 daAuts
 Swamp:4: 1866 daAuts
    D:11: 1680 daAuts
    D:14: 1614 daAuts
     D:5: 1607 daAuts
    D:12: 1577 daAuts
Spider:1: 1570 daAuts
   Elf:2: 1548 daAuts
   Orc:1: 1473 daAuts
